Map: Cyber Forest LE

Players

카오캐

  • Race: Terran Terran
  • Spawn Location: 11:00

playezvibe - Winner!

  • Race: Protoss Protoss
  • League: Bronze
  • Spawn Location: 5:00

VOD

Have the link to the VOD?

Description

Time

  • Played on: June 4, 2019, 7:11 p.m.
  • Length: 31:03
Show
View Real Time Build Order
Export as new Build Order

카오캐 Terran 

Build Orders:  

Get SALT Encoding   

  12  0:02  SCV  
  14  0:14  SCV  
  14  0:26  SCV  
  15  0:42  Supply Depot  
  15  0:49  Refinery  
  15  0:52  Refinery  
  15  1:04  SCV  
  16  1:07  Barracks  
  16  1:16  SCV  
  17  1:28  SCV  
  18  1:40  SCV  
  18  1:44  Engineering Bay  
  19  1:48  Engineering Bay  
  19  1:52  SCV  
  20  2:02  Barracks Tech Lab  
  20  2:04  SCV  
  21  2:12  Terran Infantry Weapons Level 1  
  21  2:16  SCV  
  21  2:22  Terran Infantry Armor Level 1  
  22  2:28  SCV  
  23  2:48  Supply Depot  
  23  2:58  Supply Depot  
  23  3:10  SCV, Marauder  
  26  3:22  SCV  
  26  3:24  Concussive Shells  
  27  3:34  SCV  
  28  3:46  SCV  
  29  3:58  SCV  
  30  4:06  Neosteel Armor  
  30  4:07  Stimpack  
  30  4:10  SCV  
  30  4:16  Hi-Sec Auto Tracking  
  31  4:31  Command Center  
  31  4:33  Factory  
  31  4:36  Supply Depot  
  31  4:39  Supply Depot  
  31  5:04  Marauder  
  33  5:19  Armory  
  33  5:24  Armory  
  33  5:25  Starport  
  33  5:26  Factory Tech Lab  
  33  5:34  Barracks  
  33  5:38  Barracks  
  33  5:46  Orbital Command  
  33  5:50  Orbital Command  
  33  5:59  Refinery  
  33  6:00  Refinery  
  33  6:07  Combat Shield  
  33  6:15  Terran Infantry Weapons Level 2  
  33  6:18  Terran Infantry Armor Level 2  
  33  6:25  Missile Turret  
  33  6:32  Terran Vehicle Weapons Level 1  
  33  6:34  Starport Tech Lab  
  33  6:43  SCV  
  34  6:54  Missile Turret  
  34  6:59  SCV  
  35  7:05  Barracks Reactor  
  35  7:08  Barracks Reactor  
  35  7:11  SCV  
  36  7:21  Terran Vehicle And Ship Armor Level 1  
  36  7:23  SCV  
  36  7:24  Rapid Reignition System  
  36  7:28  Medivac  
  39  7:35  SCV  
  40  7:40  SCV  
  41  7:47  SCV  
  42  7:55  Ghost Academy  
  42  7:59  SCV  
  42  8:00  Fusion Core  
  43  8:11  SCV  
  44  8:15  Marine x4  
  44  8:16  Marine  
  49  8:23  SCV  
  50  8:28  Nuke  
  50  8:32  Marine  
  51  8:41  SCV  
  52  8:55  Terran Infantry Weapons Level 3  
  52  9:04  Terran Infantry Armor Level 3  
  52  9:10  Terran Vehicle Weapons Level 2  
  52  9:11  Personal Cloaking  
  52  9:15  Terran Ship Weapons Level 1  
  52  9:30  Drilling Claws  
  52  9:34  Marine x5  
  57  9:51  Marine  
  57  9:52  Marine x4, Weapon Refit  
  61  9:57  Medivac  
  64  10:09  Marine  
  65  10:15  Corvid Reactor  
  65  10:32  Command Center  
  65  11:09  Terran Vehicle And Ship Armor Level 2  
  65  11:20  Medivac  
  65  11:22  Infernal Pre-Igniter  
  67  11:33  Cloaking Field  
  67  11:39  Marine x3  
  70  11:44  Marine x2  
  72  11:57  Marine x3  
  75  12:02  Marine x2  
  77  12:14  Marine x2  
  77  12:15  Marine  
  80  12:19  Marine x2  
  80  12:21  Terran Vehicle Weapons Level 3  
  82  12:31  Orbital Command  
  82  12:32  Marine x2  
  82  12:33  Marine  
  85  12:41  Mag-Field Accelerator  
  85  12:51  Marine  
  85  12:53  Hyperflight Rotors  
  85  13:02  SCV, Marine x2  
  85  13:03  Marine  
  63  13:16  SCV  
  63  13:18  Refinery  
  60  13:28  SCV  
  61  13:40  SCV, Banshee  
  65  13:52  SCV  
  66  14:01  Command Center  
  66  14:04  SCV  
  66  14:09  Refinery  
  67  14:14  Marine x2  
  67  14:15  Marine x3  
  67  14:16  SCV  
  73  14:20  Smart Servos  
  73  14:23  Banshee  
  76  14:28  SCV  
  77  14:32  Marine x3  
  77  14:33  Marine x2  
  82  14:50  Marine x3  
  85  14:53  Advanced Ballistics  
  85  14:58  Terran Ship Weapons Level 2  
  85  15:12  Marine x5  
  90  15:16  SCV  
  91  15:28  SCV  
  91  15:30  Marine x5  
  97  15:41  SCV  
  98  15:48  Marine x2  
  100  16:39  Refinery  
  100  16:40  Refinery  
  100  16:50  Supply Depot  
  100  16:53  Supply Depot  
  100  16:54  Supply Depot  
  100  17:11  Marine x5  
  100  17:12  SCV  
  100  17:14  Terran Vehicle And Ship Armor Level 3  
  106  17:17  Terran Ship Weapons Level 3  
  106  17:20  Medivac  
  108  17:24  SCV  
  108  17:29  Marine x5  
  114  17:36  SCV  
  115  17:47  Marine x5  
  115  17:48  SCV  
  121  18:00  SCV  
  121  18:05  Marine x2  
  124  18:08  Marine  
  124  18:09  Marine x2  
  124  18:12  SCV  
  103  18:23  Marine x2  
  103  18:26  Marine  
  82  18:27  Marine x2  
  82  18:28  Thor  
  82  18:33  Factory  
  90  18:41  Marine x2  
  92  18:44  Marine  
  92  18:45  Marine x2  
  95  19:02  Marine  
  96  19:17  Thor  
  102  19:41  Factory Tech Lab  
  102  19:45  Factory  
  99  19:59  Thor  
  74  20:14  Thor  
  80  20:28  Factory Reactor  
  80  20:42  Thor  
  80  20:45  Factory Reactor  
  86  20:50  Command Center  
  86  20:57  Thor  
  86  21:03  Supply Depot  
  86  21:04  Supply Depot  
  92  21:10  Factory Tech Lab  
  92  21:25  Thor  
  98  21:40  Thor  
  104  21:54  Factory  
  104  21:58  Factory  
  104  22:08  Thor  
  110  22:23  Thor  
  110  22:24  Orbital Command  
  116  22:30  Missile Turret  
  116  22:32  Thor  
  122  22:51  Thor  
  122  22:53  Refinery  
  128  23:01  Missile Turret  
  128  23:03  Missile Turret  
  128  23:06  Thor  
  128  23:12  Factory Tech Lab  
  134  23:14  Thor  
  140  23:27  Factory Reactor  
  140  23:32  Factory Tech Lab  
  140  23:34  Thor  
  146  23:35  Thor  
  152  23:47  Supply Depot  
  152  23:51  Supply Depot  
  152  23:54  Supply Depot  
  152  23:55  Supply Depot  
  152  24:08  Thor  
  158  24:12  Thor  
  158  24:16  Thor  
  170  24:18  Thor  
  170  24:19  Thor  
  182  24:41  Supply Depot x2  
  182  24:42  Supply Depot  
  182  24:44  Supply Depot  
  182  25:02  Thor x3  
  195  26:06  Thor  
  200  26:12  Thor  
  170  26:27  Thor  
  170  26:28  Thor x2  
  116  26:49  Thor  
  116  26:55  Thor  
  116  27:10  Thor x2  
  116  27:11  Thor  
  134  27:32  Thor  
  140  27:37  Thor  
  146  27:53  Thor x2  
  146  27:54  Thor  
  164  28:15  Thor  
  170  28:20  Thor  
  176  28:36  Thor x3  
  164  28:58  Thor  
  152  29:38  Command Center  
  152  30:04  Thor x3  
  152  30:05  Thor x2  
  182  30:12  Command Center  
Show
View Real Time Build Order
Export as new Build Order

playezvibe Protoss - Winner!

Build Orders:  

Get SALT Encoding   

  12  0:13  Pylon  
  12  0:18  Probe  
  13  0:32  Gateway  
  13  0:36  Probe  
  14  0:47  Assimilator  
  14  0:48  Probe  
  15  1:00  Probe  
  16  1:12  Probe  
  17  1:24  Probe  
  18  1:28  Cybernetics Core  
  18  1:38  Pylon  
  18  1:39  Probe  
  19  2:02  Pylon  
  19  2:06  Pylon  
  19  2:10  Warp Gate  
  19  2:12  Adept  
  21  2:31  Assimilator  
  21  2:36  Pylon  
  21  2:51  Stalker  
  23  2:57  Probe  
  24  3:08  Robotics Facility  
  24  3:09  Probe  
  24  3:10  Forge  
  25  3:21  Probe  
  26  3:37  Probe  
  27  4:17  Sentry  
  27  4:26  Nexus  
  27  4:29  Assimilator  
  27  4:31  Assimilator  
  27  4:35  Pylon  
  27  4:38  Pylon  
  27  4:58  Shield Battery, Protoss Air Weapons Level 1  
  27  5:00  Shield Battery  
  27  5:02  Protoss Ground Weapons Level 1  
  27  5:09  Sentry  
  27  5:13  Pylon  
  29  5:21  Pylon  
  29  5:39  Observer  
  30  5:50  Probe  
  30  5:55  Probe  
  32  5:57  Robotics Bay  
  32  5:58  Probe  
  32  6:03  Probe  
  33  6:06  Probe  
  33  6:09  Stalker  
  37  6:11  Probe  
  37  6:16  Probe  
  38  6:22  Probe  
  40  6:28  Gateway, Probe  
  40  6:30  Gateway  
  41  6:34  Gateway, Probe  
  41  6:36  Gateway  
  42  6:43  Gateway  
  42  6:46  Gateway  
  42  6:49  Gateway  
  42  6:53  Gateway  
  42  7:00  Pylon  
  42  7:05  Pylon  
  41  7:18  Pylon  
  42  7:23  Observer  
  42  7:37  Pylon  
  42  7:57  Stalker  
  44  7:58  Stalker  
  44  7:59  Stalker  
  44  8:00  Stalker  
  44  8:01  Stalker  
  44  8:03  Stalker  
  44  8:04  Stalker  
  56  8:05  Stalker  
  56  8:06  Stalker  
  56  8:12  Probe  
  61  8:24  Probe  
  62  8:36  Probe  
  63  8:51  Twilight Council  
  63  8:55  Photon Cannon  
  63  9:01  Photon Cannon  
  63  9:14  Robotics Facility  
  63  9:27  Robotics Facility  
  63  9:37  Warp Prism  
  65  9:51  Robotics Facility  
  65  10:05  Nexus  
  65  10:09  Zealot x2  
  65  10:10  Zealot x2  
  65  10:11  Zealot x2  
  65  10:13  Zealot  
  79  10:15  Zealot  
  79  10:17  Zealot  
  83  10:24  Colossus  
  89  10:42  Protoss Ground Armor Level 1  
  89  10:46  Pylon  
  89  10:48  Protoss Air Armor Level 1  
  89  10:50  Assimilator  
  89  10:53  Assimilator  
  89  10:56  Pylon  
  89  11:10  Forge  
  89  11:14  Colossus  
  95  11:26  Sentry  
  95  11:27  Sentry  
  95  11:28  Sentry  
  95  11:30  Sentry  
  103  11:42  Probe  
  104  11:51  Shield Battery  
  104  11:54  Shield Battery, Probe  
  105  12:01  Templar Archives  
  105  12:05  Dark Shrine  
  105  12:06  Probe  
  106  12:11  Colossus  
  112  12:18  Probe  
  113  12:25  Protoss Shields Level 1  
  113  12:28  Colossus  
  119  12:30  Probe  
  120  12:43  Probe  
  121  12:48  Pylon  
  121  12:56  Probe  
  110  13:08  Probe  
  109  13:29  Colossus  
  109  13:32  Colossus  
  121  13:37  Charge  
  121  13:41  Zealot  
  121  13:42  Zealot  
  121  13:43  Zealot x2  
  121  13:44  Zealot x2  
  133  13:58  Photon Cannon  
  133  14:00  Photon Cannon  
  133  14:02  Probe  
  134  14:10  Probe  
  135  14:18  Probe  
  136  14:25  Stargate  
  136  14:29  Probe  
  137  14:36  Stargate  
  137  14:41  Probe  
  137  14:42  Probe  
  139  14:53  Probe  
  140  15:01  Stalker x2  
  140  15:02  Stalker x3  
  140  15:03  Stalker  
  140  15:04  Stalker  
  140  15:05  Probe  
  155  15:09  Sentry, Probe  
  158  15:18  Probe x2  
  159  15:27  Probe  
  160  15:30  Probe  
  160  15:35  Fleet Beacon  
  164  16:08  Probe  
  163  16:14  Pylon  
  163  16:20  Probe  
  163  16:22  Pylon  
  164  16:33  Probe  
  164  16:37  Tempest  
  170  16:40  Tempest  
  175  17:02  Pylon  
  175  17:04  Pylon  
  175  17:20  Mothership  
  183  17:27  Cybernetics Core  
  183  17:30  Protoss Ground Weapons Level 2  
  183  17:32  Protoss Ground Armor Level 2  
  183  17:35  Protoss Air Weapons Level 2  
  183  17:50  Tempest  
  152  18:29  Tempest  
  157  18:39  Stargate  
  157  19:27  Protoss Air Armor Level 2  
  157  19:34  Extended Thermal Lance  
  157  19:42  Tempest  
  146  20:17  Tempest  
  151  20:36  Stargate  
  151  20:40  Nexus  
  151  20:54  Pylon  
  151  21:03  Stalker x3  
  157  21:05  Stalker, Tempest  
  157  21:06  Stalker  
  157  21:07  Stalker x2  
  157  21:08  Stalker  
  157  21:10  Tempest  
  177  21:47  Protoss Shields Level 2  
  177  21:48  Protoss Air Weapons Level 3  
  177  22:06  Tempest  
  182  22:18  Assimilator  
  182  22:22  Assimilator  
  181  22:58  Observer  
  182  23:13  Probe  
  183  23:20  Tempest  
  183  23:23  Tempest  
  183  23:26  Probe  
  194  23:38  Probe  
  195  23:50  Probe  
  195  23:55  Protoss Ground Weapons Level 3  
  196  23:58  Protoss Air Armor Level 3  
  196  24:02  Probe  
  197  24:21  Protoss Ground Armor Level 3  
  86  26:56  Mothership  
  86  27:01  Tempest  
  74  27:02  Tempest  
  87  27:15  Disruptor  
  87  27:22  Stalker x2, Protoss Shields Level 3  
  92  27:23  Stalker x2  
  92  27:24  Stalker x4  
  106  27:51  Disruptor  
  106  27:57  Tempest  
  114  28:07  Tempest  
  91  28:26  Disruptor  
  91  28:30  Zealot  
  93  28:39  Zealot x3  
  93  28:40  Zealot x2  
  93  28:41  Zealot x2  
  105  29:02  Disruptor  
  106  29:13  Tempest  
  106  29:16  Tempest  
  116  29:38  Nexus, Disruptor  
  116  29:44  Zealot x3  
  116  29:45  Zealot  
  127  29:46  Zealot x3  
  127  29:47  Zealot  
  135  29:57  Tempest  
Tags
 
League
Bronze
Matchup
PvT
Spawn Locations
Cross Positions
Add a new tag
Caveats
  • Supply blocks, unpowered buildings, or Contaminate may cause inaccurate times.
  • Supply counts are checked every 10 seconds.